Map: Prion Terraces

Players

LilDicky

  • Race: Terran Terran
  • League: Diamond

Antaurus - Winner!

  • Race: Protoss Protoss
  • League: Diamond

VOD

http://www.twitch.tv/tumescentpie

Description

Time

  • Played on: Nov. 25, 2015, 7:47 p.m.
  • Length: 5:47
Show
View Real Time Build Order
Export as new Build Order

LilDicky Terran 

Build Orders: MMM Bio 

Get SALT Encoding   

  12  0:01  SCV  
  13  0:13  SCV  
  14  0:18  Supply Depot  
  14  0:25  SCV  
  15  0:29  Refinery  
  15  0:39  SCV  
  16  0:46  Barracks  
  16  0:52  SCV  
  17  1:04  SCV  
  18  1:16  SCV  
  19  1:28  SCV  
  20  1:34  Factory  
  20  1:35  Marine  
  20  1:37  Supply Depot  
  21  1:40  Orbital Command  
  21  1:53  Marine  
  22  2:05  Barracks  
  22  2:06  Barracks  
  22  2:08  SCV  
  23  2:17  Barracks Reactor  
  23  2:20  SCV  
  23  2:21  Refinery  
  24  2:32  SCV, Widow Mine  
  27  2:38  Supply Depot  
  26  2:46  SCV  
  27  2:54  Barracks Tech Lab x2  
  27  2:55  Marine x2  
  29  2:59  SCV  
  29  3:00  Widow Mine  
  32  3:06  Supply Depot  
  32  3:12  Stimpack  
  30  3:15  Marine x2  
  30  3:16  Marine x2  
  30  3:18  SCV  
  35  3:24  Combat Shields  
  35  3:44  Marine x2  
  35  3:45  Marauder x2  
  35  3:46  SCV  
  42  3:49  Supply Depot  
  40  3:58  SCV  
  40  3:59  Starport  
  40  4:02  Marine  
  42  4:07  Marauder  
  44  4:11  Marauder  
  44  4:15  Supply Depot  
  46  4:21  Marine x2  
  48  4:28  Marauder  
  50  4:36  Marauder  
  50  4:38  Medivac  
  54  4:39  Marine  
  54  4:43  Supply Depot  
  55  4:59  Marine, Marauder  
  62  5:00  Concussive Shells  
  60  5:11  SCV  
  60  5:12  Medivac  
  63  5:16  Supply Depot  
  63  5:19  Marine  
  63  5:20  Marauder, Marine  
  66  5:22  Marauder  
  66  5:23  SCV  
  68  5:28  Supply Depot  
Show
View Real Time Build Order
Export as new Build Order

Antaurus Protoss - Winner!

Build Orders: 1 Gate Expand 

Get SALT Encoding   

  12  0:02  Probe (Chrono Boost)  
  13  0:15  Probe (Chrono Boost)  
  13  0:18  Pylon  
  14  0:26  Probe (Chrono Boost)  
  15  0:37  Gateway  
  15  0:39  Probe (Chrono Boost)  
  16  0:44  Assimilator  
  16  0:48  Assimilator  
  16  0:51  Probe (Chrono Boost)  
  17  1:02  Probe (Chrono Boost)  
  18  1:13  Probe (Chrono Boost)  
  19  1:28  Cybernetics Core, Probe (Chrono Boost)  
  20  1:41  Nexus  
  20  1:49  Pylon  
  20  1:53  Probe (Chrono Boost)  
  22  2:11  Mothership Core (Chrono Boost)  
  22  2:15  Cybernetics Core  
  23  2:17  Warp Gate (Chrono Boost)  
  24  2:30  Probe  
  24  2:38  Robotics Facility  
  24  2:42  Probe  
  25  2:54  Probe  
  25  2:57  Probe  
  27  3:06  Probe  
  27  3:07  Probe  
  29  3:15  Gateway  
  29  3:17  Stalker, Gateway  
  31  3:26  Probe, Observer  
  32  3:27  Probe  
  34  3:36  Probe  
  34  3:39  Probe  
  36  3:47  Probe  
  36  3:51  Probe  
  38  3:57  Probe  
  39  4:03  Probe  
  39  4:04  Observer  
  39  4:08  Probe  
  42  4:11  Pylon  
  42  4:13  Robotics Bay  
  42  4:14  Assimilator  
  42  4:15  Probe  
  43  4:18  Probe, Assimilator  
  43  4:21  Pylon  
  44  4:25  Pylon  
  44  4:28  Probe  
  44  4:29  Probe, Pylon  
  46  4:40  Probe x2  
  48  4:50  Probe  
  48  4:52  Probe  
  50  5:01  Disruptor (Chrono Boost)  
  50  5:02  Stalker x2  
  50  5:03  Stalker  
  59  5:09  Gateway  
  59  5:10  Gateway  
  59  5:12  Gateway  
  59  5:26  Gateway  
  59  5:30  Stalker x3  
Tags
 
Add a new tag
Caveats
  • Supply blocks, unpowered buildings, or Contaminate may cause inaccurate times.
  • Supply counts are checked every 10 seconds.